 Dungeon Crawl Stone Soup version 0.22-a0-439-gac93bac (webtiles) character file.

1230 Mgcat the Cleaver (level 8, -1/64 HPs)
             Began as a Hill Orc Berserker on May 29, 2018.
             Was a Priest of Trog.
             Slain by a killer bee (6 damage)
             ... on level 6 of the Dungeon.
             The game lasted 00:07:39 (2855 turns).

Mgcat the Cleaver (Hill Orc Berserker)              Turns: 2855, Time: 00:07:40

Health: -1/64      AC:  8    Str: 22    XL:     8   Next: 48%
Magic:  8/8        EV:  8    Int:  7    God:    Trog [***...]
Gold:   139        SH:  0    Dex: 10    Spells: 7/7 levels left

rFire    . . .     SeeInvis .   a - +1 hand axe
rCold    . . .     Gourm    .   (no shield)
rNeg     . . .     Faith    +   n - +0 chain mail
rPois    .         Spirit   .   (no helmet)
rElec    .         Reflect  .   (no cloak)
rCorr    .         Harm     .   (no gloves)
MR       ++...                  (no boots)
Stlth    ..........             g - amulet of faith {Faith, !P}
HPRegen  1.20/turn              (no ring)
MPRegen  0.11/turn              (no ring)

@: lethally poisoned (-1 -> -2), berserk cooldown, regenerating, slowed, very
slow
A: no striking features
a: Berserk, Trog's Hand, Renounce Religion


You were on level 6 of the Dungeon.
You worshipped Trog.
Trog was most pleased with you.
You were hungry.

You visited 1 branch of the dungeon, and saw 7 of its levels.

You collected 139 gold pieces.

Inventory:

Hand Weapons
 a - a +1 hand axe (weapon)
Armour
 n - a +0 chain mail (worn)
   (You found it on level 4 of the Dungeon)
Jewellery
 g - an amulet of faith (around neck) {Faith, !P}
   (You took it off a kobold on level 2 of the Dungeon)
Wands
 e - a wand of paralysis (7)
   (You found it on level 4 of the Dungeon)
 h - a wand of flame (23)
   (You found it on level 6 of the Dungeon)
Scrolls
 b - 2 scrolls of enchant weapon
 l - 3 scrolls of remove curse
Potions
 f - a potion of heal wounds {unknown}
 i - a potion of lignification {unknown}
 k - 4 potions of curing
 m - a potion of haste {unknown}
Comestibles
 c - 8 rations
 d - 7 chunks of flesh {@w0}


   Skills:
 - Level 3.6 Fighting
 + Level 13.0 Axes
 - Level 2.1 Armour
 - Level 1.5 Dodging


You had 7 spell levels left.
You didn't know any spells.
Your spell library was empty.

Dungeon Overview and Level Annotations

Branches:
Dungeon (7/15)             Temple (0/1) D:4

Altars:
Ashenzari
Dithmenos
Fedhas
Gozag
Sif Muna


Message History

The big kobold is heavily wounded.
The big kobold hits you but does no damage.
You slash the big kobold!
The big kobold is severely wounded.
The big kobold hits you with a dagger.
You hit the big kobold.
The big kobold is almost dead.
The big kobold hits you with a dagger.
You closely miss the big kobold.
The big kobold is almost dead.
The big kobold hits you with a dagger.
You slash the big kobold!
You kill the big kobold!
Trog accepts your kill.
Your Axes skill increases to level 13!
No target in view!
No target in view!
No target in view!
You start resting.
Eating one of 8 chunks of flesh {@w0}.
You eat one of the 8 chunks of flesh {@w0}.
This raw flesh tastes terrible.
A killer bee comes into view.
A killer bee comes into view.
The killer bee buzzes angrily.
You hear an angry buzzing noise. x3
A killer bee comes into view. x3
The killer bee moves out of view.
There is an escape hatch in the ceiling here.
The killer bee stings you.
You are poisoned.
The killer bee poisons you!
The killer bee stings you but does no damage. x2
There is a stone staircase leading up here.
You see here a jackal corpse.
You feel sick. The killer bee barely misses you. The killer bee stings you.
The killer bee barely misses you. The killer bee closely misses you.
The killer bee barely misses you. The killer bee closely misses you.
The killer bee stings you.
You are more poisoned.
The killer bee poisons you!
You climb upwards.
A necrophage comes into view.
You feel very sick.
There is a stone staircase leading down here.
Your skin crawls.
You feel resistant to hostile enchantments.
You feel somewhat more hungry.
You feel sick.
The killer bee stings you but does no damage.
The killer bee stings you. The killer bee barely misses you.
The killer bee stings you.
The killer bee stings you but does no damage.
The killer bee stings you.
Your two-headed ogre goes berserk!
You are feeling hungry.
You can no longer call in reinforcements.
You feel sick. The killer bee stings you.
You are more poisoned.
The killer bee poisons you! The killer bee stings you.
The killer bee completely misses you. The killer bee stings you!
The necrophage hits you but does no damage.
The killer bee stings you but does no damage. x2
You barely miss the killer bee. You hit the killer bee. You hit the necrophage.
You feel sick. The killer bee stings you.
You are more poisoned.
The killer bee poisons you! The killer bee barely misses you.
The necrophage hits you.
* * * LOW HITPOINT WARNING * * *
Your two-headed ogre hits the killer bee with a giant club.
Your two-headed ogre hits the killer bee with a dire flail!
The killer bee stings your two-headed ogre.
Your two-headed ogre is poisoned.
The killer bee poisons your two-headed ogre!
You hit the killer bee.
The killer bee is lightly wounded.
You hit the necrophage but do no damage.
You miss the killer bee.
You feel sick.
The killer bee stings you but does no damage.
The killer bee barely misses you. The killer bee stings you.
* * * LOW HITPOINT WARNING * * *
Your two-headed ogre misses the killer bee.
Your two-headed ogre barely misses the killer bee.
The necrophage hits you.
* * * LOW HITPOINT WARNING * * *
The killer bee stings you.
* * * LOW HITPOINT WARNING * * *
It was a potion of curing.
You feel better. The killer bee stings you.
* * * LOW HITPOINT WARNING * * *
The killer bee stings you.
* * * LOW HITPOINT WARNING * * *
You are poisoned.
The killer bee poisons you! The killer bee stings you.
* * * LOW HITPOINT WARNING * * *
Your two-headed ogre barely misses the killer bee. x2
The necrophage hits you but does no damage.
The killer bee stings you.
* * * LOW HITPOINT WARNING * * *
The killer bee stings you but does no damage.
Your two-headed ogre barely misses the killer bee.
Your two-headed ogre closely misses the killer bee.
The necrophage barely misses you. The killer bee stings you.
You die...

###....##
##### ##
#.# ..##
#...###
##.......
##........
#.@%...#
#.nyy..##
#....O..#
#...##...#
#..##
##..# #..
.# #.) .
#.#


You could see a necrophage, 2 killer bees and a friendly two-headed ogre
(berserk).

Vanquished Creatures
  A centaur (D:6)
  An ogre (D:4)
  A big kobold (D:7)
  3 bullfrogs
  2 scorpions
  A bullfrog zombie (D:6)
  A hound (D:6)
  5 orc priests
  A bullfrog skeleton (D:4)
  A jelly (D:5)
  3 orc wizards (D:4)
  A centaur skeleton (D:6)
  2 iguanas (D:6)
  5 worker ants
  A hound zombie (D:6)
  6 adders
  An adder skeleton (D:4)
  2 worms (D:4)
  A dart slug (D:4)
  A leopard gecko (D:3)
  19 orcs
  A ball python (D:4)
  2 bats
  A giant cockroach (D:6)
  4 goblins
  4 hobgoblins
  7 jackals
  A quokka (D:4)
  2 frilled lizards
  5 kobolds
  A leopard gecko skeleton (D:4)
  4 rats
91 creatures vanquished.

Notes
Turn   | Place    | Note
-------+----------+-------------------------------------------
     0 | D:1      | Mgcat the Hill Orc Berserker began the quest for the Orb.
     0 | D:1      | Reached XP level 1. HP: 19/19 MP: 1/1
    39 | D:1      | Reached XP level 2. HP: 19/26 MP: 2/2
    62 | D:2      | Reached skill level 5 in Axes
    67 | D:2      | Reached XP level 3. HP: 18/31 MP: 3/3
   240 | D:3      | HP: 8/46 [orc priest/nerve-wracking pain (10)]
   242 | D:3      | Reached skill level 6 in Axes
   242 | D:3      | Reached XP level 4. HP: 10/39 MP: 4/4
   345 | D:2      | Reached ** piety under Trog
   510 | D:4      | Reached skill level 7 in Axes
   510 | D:4      | Reached XP level 5. HP: 45/45 MP: 5/5
   632 | D:4      | Reached skill level 8 in Axes
   641 | D:4      | Noticed an ogre
   650 | D:4      | Killed an ogre
   650 | D:4      | Reached XP level 6. HP: 24/51 MP: 6/6
   665 | D:4      | Reached skill level 9 in Axes
   831 | D:4      | Found a deep blue altar of Sif Muna.
   949 | D:4      | Found a shattered altar of Ashenzari.
   951 | D:4      | Found a shadowy altar of Dithmenos.
  1133 | D:4      | Reached *** piety under Trog
  1133 | D:4      | Reached skill level 10 in Axes
  1133 | D:4      | Reached XP level 7. HP: 33/57 MP: 7/7
  1481 | D:4      | Found a staircase to the Ecumenical Temple.
  2029 | D:5      | Entered Level 5 of the Dungeon
  2230 | D:6      | Reached skill level 11 in Axes
  2451 | D:6      | Reached XP level 8. HP: 64/64 MP: 8/8
  2489 | D:6      | Reached skill level 12 in Axes
  2508 | D:6      | Found a blossoming altar of Fedhas.
  2612 | D:6      | Found an opulent altar of Gozag.
  2757 | D:7      | Reached **** piety under Trog
  2842 | D:7      | Reached skill level 13 in Axes
  2854 | D:6      | HP: 16/64 [killer bee (1)]
  2855 | D:6      | HP: 6/64 [killer bee (5)]
  2855 | D:6      | Slain by a killer bee

Vault maps used:
D:1:      mrwooster_arrival_statue_3
D:2:      fiery_altar_vehumet, first_ration
D:3:      gup_sewer_entry_spiral, uniq_grinder
D:4:      marbit_many_paths, chequers_temple_overflow_statue_of_worship,
          minmay_temple_entry_hall, minmay_cupped
D:5:      uniq_eustachio, uniq_duvessa
D:6:      kennysheep_mini_moat, minmay_ruined_shrine, uniq_edmund
D:7:      grunt_qazlal_sundering, serial_shops, nicolae_shop_waterfront,
          nicolae_ru_great_annihilating_truth

Skill      XL: |  1  2  3  4  5  6  7  8 |
---------------+-------------------------+-----
Axes           | 5 6 7 8 10 11 13 | 13.0
Fighting       | |  3.6
Armour         | |  2.1
Dodging        | |  1.5

Action                   |  1- 3 |  4- 6 |  7- 9 || total
-------------------------+-------+-------+-------++-------
Melee: Hand axe          |    52 |   106 |   157 ||   315
Invok: Berserk           |     2 |     6 |     7 ||    15
       Trog's Hand       |       |     1 |     1 ||     2
       Brothers in Arms  |       |       |     1 ||     1
  Use: Scroll            |       |     2 |     4 ||     6
       Potion            |       |       |     1 ||     1
  Eat: Chunk             |       |     8 |     9 ||    17
       Ration            |       |       |     1 ||     1
Armor: Animal skin       |     3 |       |       ||     3
       Ring mail         |     3 |    28 |     7 ||    38
       Chain mail        |       |       |    48 ||    48
Dodge: Dodged            |    26 |    51 |    59 ||   136

Table legend:
 A = Spawn XP
 B = Non-spawn XP
 C = Spawn XP percentage of total XP
 D = Spawn monster count
 E = Non-spawn monster count
 F = Spawn count percentage of total count
 G = Total turns spent on level
                    A         B        C        D         E        F      G
               +---------+---------+-------+---------+---------+-------+---------
         Total |       0 |    1758 |   0.0 |       0 |      91 |   0.0 |  2855
               +---------+---------+-------+---------+---------+-------+---------
           D:1 |       0 |      12 |   0.0 |       0 |       6 |   0.0 |    52
           D:2 |       0 |      48 |   0.0 |       0 |       9 |   0.0 |   329
           D:3 |       0 |      63 |   0.0 |       0 |      12 |   0.0 |   121
           D:4 |       0 |     682 |   0.0 |       0 |      31 |   0.0 |  1527
           D:5 |       0 |      77 |   0.0 |       0 |       3 |   0.0 |   118
           D:6 |       0 |     616 |   0.0 |       0 |      17 |   0.0 |   591
           D:7 |       0 |     260 |   0.0 |       0 |      13 |   0.0 |   117
               +---------+---------+-------+---------+---------+-------+---------

Vault maps used:
D:1:      mrwooster_arrival_statue_3
D:2:      fiery_altar_vehumet, first_ration
D:3:      gup_sewer_entry_spiral, uniq_grinder
D:4:      marbit_many_paths, chequers_temple_overflow_statue_of_worship,
          minmay_temple_entry_hall, minmay_cupped
D:5:      uniq_eustachio, uniq_duvessa
D:6:      kennysheep_mini_moat, minmay_ruined_shrine, uniq_edmund
D:7:      grunt_qazlal_sundering, serial_shops, nicolae_shop_waterfront,
          nicolae_ru_great_annihilating_truth

Table legend:
 A = Turns spent in this place as a percentage of turns spent in the entire game.
 B = Non-inter-level travel turns spent in this place as a percentage of non-inter-level travel turns spent in the entire game.
 C = Inter-level travel turns spent in this place as a percentage of turns spent in this place.
 D = Turns resting spent in this place as a percentage of non-inter-level travel turns spent in this place.
 E = Turns spent auto-exploring this place as a percentage of non-inter-level travel turns spent in this place.
 F = Non-inter-level travel turns spent in this place divided by the number of levels of this place that you've seen.
                   A       B       C       D       E      F
               +-------+-------+-------+-------+-------+----------------------
         Total | 100.0 | 100.0 |   1.7 |  16.8 |  56.9 | 400.9
       Dungeon | 100.0 | 100.0 |   1.7 |  16.8 |  56.9 | 400.9
               +-------+-------+-------+-------+-------+----------------------

Table legend:
 A = Kills in this place as a percentage of kills in entire the game.
 B = Kills by you in this place as a percentage of kills by you in the entire game.
 C = Kills by friends in this place as a percentage of kills by friends in the entire game.
 D = Other kills in this place as a percentage of other kills in the entire game.
 E = Experience gained in this place as a percentage of experience gained in the entire game.
 F = Experience gained in this place divided by the number of levels of this place that you have seen.
                   A       B       C       D       E      F
               +-------+-------+-------+-------+-------+----------------------
         Total | 100.0 | 100.0 |   N/A |   N/A | 100.0 | 251.1
       Dungeon | 100.0 | 100.0 |   N/A |   N/A | 100.0 | 251.1
               +-------+-------+-------+-------+-------+----------------------
